 Dungeon Crawl Stone Soup version 0.16-a0-4088-g7c8221e (console) character file.

132 hhkb the Insei (level 5, -3/33 HPs)
             Began as an Octopode Transmuter on Feb 23, 2015.
             Killed from afar by Sigmund (5 damage)
             ... with a magic dart
             ... on level 3 of the Dungeon.
             The game lasted 00:07:28 (2862 turns).

hhkb the Insei (Octopode Transmuter)                Turns: 2862, Time: 00:07:28

Health: -3/33      AC:  1    Str: 10    XL:     5   Next: 15%
Magic:  9/9        EV: 18    Int: 20    God:
Gold:   72         SH:  0    Dex: 18    Spells: 3 memorised, 2 levels left

rFire  . . .     SeeInvis .       - Unarmed
rCold  . . .     Clarity  .     (no shield)
rNeg   . . .     SustAb   .     (helmet restricted)
rPois  .         Gourm    .     (no amulet)
rElec  .         Spirit   .     (no ring)
rCorr  .         Warding  .     (no ring)
rMut   .         Stasis   .     (no ring)
MR     .....                    (no ring)
Stlth  ++++......               (no ring)
                                (no ring)
                                (no ring)
                                (no ring)

@: brilliant, agile, not resistant to hostile enchantments, stealthy
A: almost no armour, amphibious, 8 rings, constrict 8, camouflage 1, gelatinous
body 1
a: no special abilities


You were on level 3 of the Dungeon.
You were very hungry.

You visited 1 branch of the dungeon, and saw 3 of its levels.

You collected 72 gold pieces.

Inventory:

Missiles
 b - 8 arrows
 g - 102 stones (quivered)
Jewellery
 k - an uncursed ring of protection from fire {unknown}
   (You found it on level 2 of the Dungeon)
Scrolls
 c - a scroll of fog
 e - a scroll of identify {unknown}
 f - a scroll of amnesia
 l - a scroll of recharging {unknown}
 m - a scroll of noise {unknown}
Books
 d - a book of Changes
Comestibles
 a - 3 bread rations {@e1}
 j - 2 meat rations {@e2}


   Skills:
 - Level 1.0 Fighting
 - Level 2.0 Dodging
 - Level 5.0 Unarmed Combat
 - Level 2.0 Spellcasting
 + Level 2.8 Transmutations
 + Level 1.7 Poison Magic


You had 2 spell levels left.
You knew the following spells:

 Your Spells              Type           Power        Failure   Level  Hunger
a - Beastly Appendage     Trmt           ####..       1%          1    #......
c - Spider Form           Trmt/Pois      ###.......   2%          3    ###....
s - Sticks to Snakes      Trmt           ####......   1%          2    ##.....


Dungeon Overview and Level Annotations

Branches:
Dungeon (3/15)

Altars:
Qazlal

Annotations:
D:3 Sigmund


Innate Abilities, Weirdness & Mutations

You cannot wear most types of armour.
You are amphibious.
You can wear up to eight rings at the same time.
You can use your tentacles to constrict many enemies at once.
Your skin changes colour to match your surroundings (Stealth).
Your rubbery body absorbs attacks (AC +1).


Message History

Your ball python bites the orc priest.
Your ball python grabs the orc priest.
Your ball python constricts the orc priest.
The orc priest mumbles some strange prayers to Beogh against you.
Something smites you!
* * * LOW HITPOINT WARNING * * *
You take 10 damage, and have 5/28 hp.
MASSIVE DAMAGE!!
You bludgeon the orc priest!
Your ball python bites the orc priest.
Your ball python constricts the orc priest.
The orc priest misses your ball python.
You catch the helpless orc priest momentarily off-guard.
You tentacle-slap the orc priest.
You kill the orc priest!
You have reached level 5!
You feel stronger.
Your magical contamination has completely faded away.
Things that are here:
a club; a kobold corpse You see here a rat corpse.
You start resting.
You are feeling very hungry.
You regained 10 hp, and now have 16/33 hp.
MP restored: 9 You start resting.
You regained 11 hp, and now have 27/33 hp.
You may need something to eat soon, looking for food.
Can't find anything matching that.
Sorry, you're not good enough to have a special ability.
Found a stone staircase leading down.
You regained 3 hp, and now have 30/33 hp.
Sigmund the Dreaded comes into view.
He is wielding a scythe.
Sigmund shouts!
Sigmund laughs darkly.
Sigmund points at you and mumbles some strange words.
You are confused.
Unknown command.
You're too confused!
Unknown command.
You're too confused!
Drink which item? (? for menu, Esc to quit)
Okay, then.
Drink which item? (? for menu, Esc to quit)
It was a potion of agility.
You feel agile all of a sudden.
Drink which item? (? for menu, Esc to quit)
It was a potion of brilliance.
You feel clever all of a sudden.
Drink which item? (? for menu, Esc to quit)
Okay, then.
You're too confused!
You're too confused!
Sigmund is nearby!
Sigmund gestures at you while chanting. The puff of flame hits you!
You take 15 damage, and have 15/33 hp.
MASSIVE DAMAGE!!
You feel less confused. Sigmund misses you.
Read which item? (? for menu, Esc to quit)
Okay, then.
Read which item? (? for menu, Esc to quit)
As you read the scroll labeled ZOAMNINUXT, it crumbles to dust.
Forget which spell ([?*] list [ESC] exit)?
Forget which spell ([?*] list [ESC] exit)?
Okay, then.
It was a scroll of amnesia.
Read which item? (? for menu, Esc to quit)
As you read the scroll labeled GHOAXI TROTAEKH, it crumbles to dust.
The scroll dissolves into smoke.
It was a scroll of fog.
Sigmund barely misses you. Sigmund casts a spell at you.
The puff of flame hits you!
You take 7 damage, and have 10/33 hp.
MASSIVE DAMAGE!!
Sigmund laughs darkly.
Sigmund gestures at you while chanting.
You are confused.
You're too confused!
Drink which item? (? for menu, Esc to quit)
You feel more agile all of a sudden.
You're too confused!
Sigmund misses you.
You feel less confused. Sigmund barely misses you.
A hobgoblin comes into view. It is wielding a club.
Sigmund barely misses you.
A bat comes into view.
Sigmund casts a spell at you. You resist with some effort.
Sigmund points at you and mumbles some strange words.
The puff of flame hits you!
* * * LOW HITPOINT WARNING * * *
You take 10 damage, and have 2/33 hp.
MASSIVE DAMAGE!!
The bat closely misses you.
Sigmund casts a spell.
Sigmund flickers and vanishes!
Deactivating autopickup; reactivate with Ctrl-A.
The bat closely misses you. The magic dart hits you!
You die...

♣.#......)..#####.#...
♣....#......# #.#...
♣..........#.## #.....
♣..........#.# #..###
#.#....##.##.######..#..
#..............)........
.....................###
#..............♣♣♣♣#.#
♣.^...@......♣♣.♣ ♣.#
........b.....♣♣.P.♣♣♣#
#♣.............P..
.#..............♣.P
...............♣♣...
...............{.♣♣♣ #
...........#......♣♣♣♣#####
................#..........
....(...>...##.#.....#.#####


You could see a bat.

Vanquished Creatures
  An orc priest (D:3)
  4 adders
  2 giant geckos (D:1)
  An ooze (D:1)
  An orc (D:3)
  7 giant cockroaches
  5 goblins
  3 hobgoblins
  2 quokkas (D:2)
  A ball python (D:3)
  8 bats
  3 jackals (D:2)
  7 kobolds
  7 rats
52 creatures vanquished.

Vanquished Creatures (collateral kills)
  An orc priest (D:3)
  An orc (D:3)
  A hobgoblin (D:2)
3 creatures vanquished.

Grand Total: 55 creatures vanquished

Notes
Turn   | Place    | Note
--------------------------------------------------------------
     0 | D:1      | hhkb, the Octopode Transmuter, began the quest for the Orb.
     0 | D:1      | Reached XP level 1. HP: 13/13 MP: 3/3
     7 | D:1      | Noticed a yaktaur
     7 | D:1      | Noticed a soldier ant
     7 | D:1      | Noticed a giant leech
     7 | D:1      | Noticed a komodo dragon
   503 | D:1      | Reached XP level 2. HP: 16/18 MP: 4/4
   669 | D:1      | Learned a level 2 spell: Sticks to Snakes
   857 | D:1      | Reached skill level 4 in Unarmed Combat
  1112 | D:2      | Found a stormy altar of Qazlal.
  1176 | D:2      | Reached XP level 3. HP: 23/23 MP: 6/6
  1678 | D:2      | Learned a level 3 spell: Spider Form
  1870 | D:2      | Reached XP level 4. HP: 25/28 MP: 7/7
  2202 | D:3      | Reached skill level 5 in Unarmed Combat
  2578 | D:3      | Reached skill level 1 in Poison Magic
  2582 | D:3      | HP: 5/28 [orc priest/divine providence (10)]
  2584 | D:3      | Reached XP level 5. HP: 5/33 MP: 2/9
  2809 | D:3      | Noticed Sigmund
  2859 | D:3      | HP: 2/33 [Sigmund/puff of flame (10)]
  2862 | D:3      | Killed from afar by Sigmund

Action                   |  1- 3 |  4- 6 || total
-------------------------+-------+-------++-------
Melee: Unarmed           |    78 |    35 ||   113
Throw: Stone             |    44 |    18 ||    62
 Cast: Beastly Appendage |     5 |     2 ||     7
       Sticks to Snakes  |     2 |     2 ||     4
  Use: Potion            |       |     3 ||     3
       Scroll            |       |     2 ||     2
 Stab: Sleeping          |     2 |       ||     2
       Distracted        |       |     1 ||     1
  Eat: Chunk             |     3 |     2 ||     5

Vault maps used:
D:1:      onia_arrival_zoo_common
D:2:      lemuel_doored_altar
D:3:      first_bread, serial_forest, infiniplex_forest_end_2,
          infiniplex_forest_lined_ring, infiniplex_forest_split,
          infiniplex_forest_clump_long, infiniplex_forest_straight_2,
          infiniplex_forest_lined_room_2, infiniplex_forest_clump_diagonal,
          infiniplex_forest_clump_curved, infiniplex_forest_lined_3,
          infiniplex_forest_lined_2, uniq_sigmund

Table legend:
 A = Turns spent in this place as a percentage of turns spent in the entire game.
 B = Non-inter-level travel turns spent in this place as a percentage of non-inter-level travel turns spent in the entire game.
 C = Inter-level travel turns spent in this place as a percentage of turns spent in this place.
 D = Turns resting spent in this place as a percentage of non-inter-level travel turns spent in this place.
 E = Turns spent auto-exploring this place as a percentage of non-inter-level travel turns spent in this place.
 F = Non-inter-level travel turns spent in this place divided by the number of levels of this place that you've seen.
                   A       B       C       D       E      F
               +-------+-------+-------+-------+-------+----------------------
         Total | 100.0 | 100.0 |   0.2 |   3.8 |   6.9 | 369.3
       Dungeon | 100.0 | 100.0 |   0.2 |   3.8 |   6.9 | 369.3
               +-------+-------+-------+-------+-------+----------------------

Table legend:
 A = Kills in this place as a percentage of kills in entire the game.
 B = Kills by you in this place as a percentage of kills by you in the entire game.
 C = Kills by friends in this place as a percentage of kills by friends in the entire game.
 D = Other kills in this place as a percentage of other kills in the entire game.
 E = Experience gained in this place as a percentage of experience gained in the entire game.
 F = Experience gained in this place divided by the number of levels of this place that you have seen.
                   A       B       C       D       E      F
               +-------+-------+-------+-------+-------+----------------------
         Total | 100.0 | 100.0 | 100.0 |  -nan | 100.0 |  63.0
       Dungeon | 100.0 | 100.0 | 100.0 |  -nan | 100.0 |  63.0
               +-------+-------+-------+-------+-------+----------------------
